 Dungeon Crawl Stone Soup version 0.22-a0-223-g0f5d773 (webtiles) character file.

33629 Ghella the Tortoise (level 13, -5/139 HPs)
             Began as a Gargoyle Fighter on Feb 18, 2018.
             Was the Champion of Okawaru.
             Slain by a small abomination (7 damage)
             ... on level 2 of the Abyss.
             The game lasted 00:49:48 (16797 turns).

Ghella the Tortoise (Gargoyle Fighter)             Turns: 16797, Time: 00:49:50

Health: -5/139     AC: 26    Str: 23 (25) XL:     13   Next: 72%
Magic:  13/13      EV:  2    Int: 10 (11) God:    Okawaru [******]
Gold:   753        SH:  0    Dex:  6 (9)  Spells: 12/12 levels left

rFire    . . .     SeeInvis .   y - +1 whip (elec)
rCold    + . .     Gourm    +   c - +0 shield
rNeg     + + +     Faith    .   (armour currently unavailable)
rPois    ∞         Spirit   .   (helmet currently unavailable)
rElec    .         Reflect  .   (cloak currently unavailable)
rCorr    .         Harm     .   (gloves currently unavailable)
MR       .....     NoTele   +   (boots currently unavailable)
Stlth    +.........             M - amulet of the gourmand
HPRegen  0.33/turn              X - +2 ring of evasion
MPRegen  0.13/turn              g - ring of protection from cold

@: confused, tree-form, hasted, studying Fighting, very quick
A: [blurry vision 2], clever 1, [deterioration 2], negative energy resistance 1,
petrification resistance, rot immunity, AC +9
a: Heroism, Finesse, Renounce Religion


You were on level 2 of the Abyss.
You worshipped Okawaru.
Okawaru was exalted by your worship.
You were full.
You were a tree.
You visited 2 branches of the dungeon, and saw 15 of its levels.
You visited the Abyss 1 time.
You also visited: Labyrinth, Sewer and Bailey.

You collected 753 gold pieces.

Inventory:

Hand Weapons
 m - the +7 falchion "Beastbane" {holy, -Tele rN+ Dex+4}
   (You took it off an orc priest on level 9 of the Dungeon)

   It has been blessed by the Shining One to cause great damage to the undead
   and demons.
   It affects your dexterity (+4).
   It protects you from negative energy.
   It prevents most forms of teleportation.
 y - a +1 whip of electrocution (weapon)
Armour
 c - a +0 shield (worn)
 C - the +4 ring mail of Munou {rF++ Int+3}
   (You found it on level 5 of the Dungeon)

   It affects your intelligence (+3).
   It greatly protects you from fire.
 J - the +1 hat of the Trees (melded) {+Blink rElec rF- Slay+6}
   (Okawaru gifted it to you on level 10 of the Dungeon)

   It affects your accuracy and damage with ranged weapons and melee attacks
   (+6).
   It makes you vulnerable to fire.
   It insulates you from electricity.
   It lets you blink.
 N - a +1 pair of gloves of dexterity (melded)
 O - the +1 helmet "Seprireb" {rPois rF- Regen+}
   (You found it on level 8 of the Dungeon)

   It makes you vulnerable to fire.
   It protects you from poison.
   It increases your rate of regeneration.
 Q - a scarf of repulsion (melded)
 Z - a +2 crystal plate armour (melded)
Jewellery
 g - a ring of protection from cold (right branch)
 i - an uncursed ring of ice
 o - an uncursed ring of see invisible
 v - an uncursed amulet of harm
 B - a +5 ring of intelligence
 G - an uncursed ring of protection from cold
 M - an amulet of the gourmand (around neck)
 R - an uncursed ring of stealth
 S - an uncursed ring of flight
 X - a +2 ring of evasion (left branch)
Wands
 j - a wand of clouds (3)
 n - a wand of acid (7)
 D - a wand of scattershot (5)
 F - a wand of digging (8)
 T - a wand of polymorph (19)
 U - a wand of random effects (56)
 V - a wand of paralysis (17)
Scrolls
 d - 3 scrolls of fear
 e - 3 scrolls of enchant weapon
 k - 10 scrolls of remove curse
 q - 3 scrolls of immolation
 t - 3 scrolls of fog
 w - 6 scrolls of amnesia
 A - 4 scrolls of teleportation
 K - a scroll of brand weapon
 P - a scroll of enchant armour
 W - a scroll of identify
Potions
 h - 3 potions of cancellation
 l - a potion of resistance {unknown}
 p - a potion of ambrosia
 r - 2 potions of might
 s - 4 potions of curing
 u - 4 potions of flight {unknown}
 x - 2 potions of degeneration
 z - a potion of magic {unknown}
 E - a potion of lignification
 H - a potion of haste
 L - a potion of brilliance {unknown}
Books
 a - a manual of Fighting
Comestibles
 f - 18 rations


   Skills:
 + Level 15.8 Fighting
 + Level 14.1 Maces & Flails
 * Level 16.6 Armour
 - Level 3.5 Shields
 + Level 1.0 Invocations
 + Level 0.3 Evocations


You had 12 spell levels left.
You didn't know any spells.

Dungeon Overview and Level Annotations

Branches:
Dungeon (14/15)            Temple (1/1) D:4            Lair (0/6) D:11
    Orc (0/2) D:11
 Vaults: D:13-14

Altars:
Ashenzari
Cheibriados
Dithmenos
Elyvilon
Fedhas
Gozag
Hepliaklqana
Kikubaaqudgha
Makhleb
Nemelex Xobeh
Okawaru
Qazlal
Ru
Sif Muna
Trog
Uskayaw
Vehumet
Wu Jian
Xom
Yredelemnul
Zin
The Shining One

Annotations:
D:5 exclusion: oklob plant


Innate Abilities, Weirdness & Mutations

You are resistant to torment.
((Your stone body is resilient. (AC +9)))
You are immune to poison.
You resist negative energy. (rN+)
((You are resistant to electric shocks. (rElec)))
((You can survive without breathing.))
You are immune to petrification.
You are immune to rotting.
((You have large cloven feet.))
Your mind is acute. (Int +2)
[Scrolls take you longer to read.]
[Your body often deteriorates upon taking damage.]


Message History

There was something very wrong with that liquid.
You feel weakened.
You feel dopey.
You feel clumsy.
The ice devil hits you but does no damage.
The small abomination hits you.
* * * LOW HITPOINT WARNING * * *
The ancient zyme closely misses you. The ancient zyme barely misses you.
The large abomination hits you but does no damage.
It was a potion of lignification.
You turn into a tree.
Your scarf of repulsion melds into your body.
The +1 hat of the Trees {+Blink rElec rF- Slay+6} melds into your body.
Your +1 pair of gloves of dexterity melds into your body.
Your +2 crystal plate armour melds into your body.
The haze of the repulsion field disappears.
You feel clumsy.
Your roots penetrate the ground.
The ice devil hits you!
* * * LOW HITPOINT WARNING * * *
The ice devil freezes you. You resist.
* * * LOW HITPOINT WARNING * * *
The small abomination hits you!
You die...

.# # .# #.##
#. ...### .#
#...#.##.
#.#.. . ###
#..x###.#.##
.####. #.*♣##x
#..... ...
#.#X4x#..###..
####
#...#xS.....#
.S##
..#..#.....###
#X..#
#....######
#..##.# #.#.#
#.. .x## #..#
#. ## ... #.#
.x # # ##
#4####


You could see a wretched star, 2 ancient zymes, a large abomination, a guardian
serpent, an ice devil and a small abomination.

Vanquished Creatures
  A minotaur (Lab)
  2 centaur warriors
  A death knight (D:13)
  5 two-headed ogres
  2 thrashing horrors (Abyss:2)
  2 sixfirhies (Abyss:2)
  A spatial maelstrom (Abyss:2)
  An unseen horror (D:13)
  Pikel (D:4)
  2 large abominations (Abyss:2)
  An orc knight (Bailey)
  2 ugly things
  A stone giant zombie (Abyss:2)
  5 slime creatures (D:13)
  A wolf spider (D:10)
  A manticore (D:13)
  Maurice (D:8)
  Joseph (D:10)
  Psyche (D:11)
  A smoke demon (Abyss:2)
  2 gargoyles
  3 centaur skeletons
  A tengu conjurer (D:13)
  An ancient zyme (Abyss:2)
  A polar bear (shapeshifter) (D:13)
  A queen bee (D:10)
  7 trolls
  2 hippogriffs
  A shadow (D:11)
  Sigmund (D:6)
  2 wyverns
  2 basilisks (D:11)
  A ynoxinul (Abyss:2)
  14 yaks
  6 vampire mosquitoes
  Menkaure (D:7)
  A spatial vortex (Abyss:2)
  A soldier ant (D:13)
  14 wargs (D:9)
  A water moccasin (D:8)
  5 porcupines
  A sky beast (D:8)
  Purgy (Sewer)
  6 black bears
  23 orc warriors
  2 ice beasts
  3 small abominations (Abyss:2)
  A slave (D:4)
  4 ogres
  7 centaurs
  A wolf (D:11)
  A crocodile (D:10)
  A big kobold (D:13)
  8 bullfrogs
  A scorpion (D:6)
  A wyvern zombie (D:12)
  23 killer bees
  5 wights (D:6)
  3 howler monkeys
  2 centaur zombies
  2 crimson imps
  A quasit (D:10)
  A jelly (D:8)
  7 hounds
  10 orc priests
  6 orc wizards
  2 bullfrog skeletons
  An iron imp (Abyss:2)
  5 worker ants
  A killer bee zombie (D:5)
  A hound skeleton (D:6)
  4 gnolls (D:4)
  A howler monkey skeleton (D:8)
  18 adders
  An ufetubus (Abyss:2)
  An adder zombie (D:6)
  2 adder skeletons
  7 worms
  3 dart slugs
  A leopard gecko (D:2)
  65 orcs
  8 ball pythons
  9 giant cockroaches
  7 goblins
  7 hobgoblins
  13 jackals
  6 quokkas
  5 bats
  5 frilled lizards
  A jackal skeleton (D:4)
  A jackal zombie (D:9)
  10 kobolds
  10 rats
417 creatures vanquished.

Vanquished Creatures (others)
  3 fungi (D:11)
  A lurking horror (Abyss:2)
  A plant (D:11)
  4 starspawn tentacles (Abyss:2)
9 creatures vanquished.

Grand Total: 426 creatures vanquished

Notes
Turn   | Place    | Note
-------+----------+-------------------------------------------
     0 | D:1      | Ghella the Gargoyle Fighter began the quest for the Orb.
     0 | D:1      | Reached XP level 1. HP: 14/14 MP: 1/1
   417 | D:1      | Reached XP level 2. HP: 19/19 MP: 2/2
   983 | D:1      | Reached XP level 3. HP: 23/23 MP: 3/3
  1442 | D:2      | Reached skill level 4 in Armour
  1442 | D:2      | Reached XP level 4. HP: 29/29 MP: 4/4
  2236 | D:3      | Found a faded altar of an unknown god.
  2317 | D:3      | Reached XP level 5. HP: 33/33 MP: 5/5
  2543 | D:3      | Found a glowing drain.
  2557 | Sewer    | Entered a sewer
  2928 | Sewer    | Noticed Purgy
  2942 | Sewer    | Killed Purgy
  2942 | Sewer    | Reached skill level 5 in Armour
  2942 | Sewer    | Reached XP level 6. HP: 27/38 MP: 6/6
  3298 | D:3      | Found a sparkling altar of Nemelex Xobeh.
  3597 | D:4      | Found a sacrificial altar of Ru.
  3672 | D:4      | Found a staircase to the Ecumenical Temple.
  3965 | D:4      | Reached XP level 7. HP: 32/44 MP: 7/7
  3974 | D:4      | Reached skill level 5 in Maces & Flails
  4275 | D:4      | Found an iron altar of Okawaru.
  4562 | Temple   | Entered the Ecumenical Temple
  4755 | D:4      | Became a worshipper of Warmaster Okawaru
  4777 | D:5      | Entered Level 5 of the Dungeon
  4777 | D:5      | Found a deep blue altar of Sif Muna.
  4882 | D:5      | Identified the +4 ring mail of Munou {rF++ Int+3} (You found it on level 5 of the Dungeon)
  4978 | D:5      | Found a snail-covered altar of Cheibriados.
  5016 | D:5      | Noticed Pikel
  5106 | D:4      | Killed Pikel
  5106 | D:4      | Reached skill level 5 in Fighting
  5106 | D:4      | Reached skill level 7 in Armour
  5106 | D:4      | Reached XP level 8. HP: 44/49 MP: 8/8
  5251 | D:5      | Found a blossoming altar of Fedhas.
  5284 | D:5      | Noticed an oklob plant
  5394 | D:5      | Found a shadowy altar of Dithmenos.
  5722 | D:6      | Reached * piety under Okawaru
  6097 | D:6      | Noticed Sigmund
  6109 | D:6      | Killed Sigmund
  6330 | D:7      | Reached skill level 8 in Armour
  6623 | D:7      | Noticed Menkaure
  6628 | D:7      | Killed Menkaure
  6628 | D:7      | Reached XP level 9. HP: 55/55 MP: 9/9
  7253 | D:7      | Reached ** piety under Okawaru
  7253 | D:7      | Reached skill level 9 in Armour
  7549 | D:8      | Identified the +1 helmet "Seprireb" {rPois rF- Regen+} (You found it on level 8 of the Dungeon)
  7860 | D:8      | Noticed Maurice
  7884 | D:8      | Killed Maurice
  8083 | D:8      | Reached XP level 10. HP: 63/63 MP: 10/10
  8084 | D:8      | Found a white marble altar of Elyvilon.
  8437 | D:8      | Identified a scroll of acquirement
  8551 | D:9      | Reached skill level 10 in Armour
  8613 | D:9      | Reached *** piety under Okawaru
  8653 | D:9      | Reached skill level 10 in Maces & Flails
  8804 | D:9      | Reached **** piety under Okawaru
  8962 | D:9      | Noticed a two-headed ogre
  8976 | D:9      | Killed a two-headed ogre
  9186 | D:9      | Noticed a two-headed ogre
  9196 | D:9      | Killed a two-headed ogre
  9377 | D:9      | Reached ***** piety under Okawaru
  9377 | D:9      | Reached XP level 11. HP: 69/69 MP: 11/11
  9418 | D:9      | Identified the Tome of Orientation and Evil
  9478 | D:9      | Reached skill level 11 in Armour
  9642 | D:9      | Identified the +7 falchion "Beastbane" {holy, -Tele rN+ Dex+4} (You took it off an orc priest on level 9 of the Dungeon)
  9674 | D:9      | Upgraded the game from 0.22-a0-197-g4ac3794 to 0.22-a0-223-g0f5d773
  9791 | D:9      | Noticed an orc knight
 10230 | D:10     | Entered Level 10 of the Dungeon
 10248 | D:10     | Found a flagged portal.
 10262 | Bailey   | Entered a bailey
 10963 | Bailey   | Noticed an orc knight
 10981 | Bailey   | Killed an orc knight
 11055 | Bailey   | Received a gift from Okawaru
 11215 | D:10     | Reached skill level 10 in Fighting
 11360 | D:10     | Received a gift from Okawaru
 11364 | D:10     | Got a scorched hat {god gift}
 11375 | D:10     | Identified the +1 hat of the Trees {+Blink rElec rF- Slay+6} (Okawaru gifted it to you on level 10 of the Dungeon)
 11519 | D:10     | Noticed Joseph
 11527 | D:10     | Killed Joseph
 11532 | D:10     | Noticed a wolf spider
 11538 | D:10     | Killed a wolf spider
 11840 | D:10     | Found an iron altar of Okawaru.
 11948 | D:11     | Found a staircase to the Orcish Mines.
 11948 | D:11     | Noticed a red ugly thing
 12028 | D:11     | Reached skill level 12 in Armour
 12184 | D:10     | Killed a red ugly thing
 12337 | D:10     | Reached XP level 12. HP: 65/80 MP: 12/12
 12736 | D:11     | Noticed Psyche
 12745 | D:11     | Killed Psyche
 12789 | D:11     | Found a staircase to the Lair.
 12816 | D:11     | Noticed a two-headed ogre
 12826 | D:11     | Killed a two-headed ogre
 13464 | D:12     | Found a labyrinth entrance.
 13471 | Lab      | Entered a labyrinth
 14212 | Lab      | Noticed a minotaur
 14226 | Lab      | Killed a minotaur
 14226 | Lab      | Reached skill level 13 in Armour
 14228 | Lab      | Found the +3 salamander hide armour {+Rage rF++}
 14612 | D:12     | Noticed a two-headed ogre
 14618 | D:12     | Killed a two-headed ogre
 14652 | D:12     | Gained mutation: You evolve. [potion of mutation]
 14652 | D:12     | Gained mutation: You have large cloven feet. [potion of mutation]
 14652 | D:12     | Gained mutation: Your mind is acute. (Int +2) [potion of mutation]
 15048 | D:12     | Noticed a two-headed ogre
 15055 | D:12     | Killed a two-headed ogre
 15159 | D:13     | Noticed a death knight
 15198 | D:13     | Killed a death knight
 15198 | D:13     | Reached skill level 14 in Armour
 15265 | D:13     | Lost mutation: You evolve. [evolution]
 15394 | D:13     | Received a gift from Okawaru
 15444 | D:13     | Reached XP level 13. HP: 83/91 MP: 13/13
 15752 | D:13     | Reached skill level 15 in Fighting
 15752 | D:13     | Reached skill level 15 in Armour
 15784 | D:13     | Reached ****** piety under Okawaru
 16056 | D:14     | Reached skill level 16 in Armour
 16074 | D:14     | Cast into level 2 of the Abyss (a wizard)
 16075 | Abyss:2  | Found a corrupted altar of Lugonu.
 16214 | Abyss:2  | Noticed a profane servitor
 16228 | Abyss:2  | Noticed a starcursed mass
 16228 | Abyss:2  | Found a corrupted altar of Lugonu.
 16259 | Abyss:2  | Found a corrupted altar of Lugonu.
 16266 | Abyss:2  | Noticed a tentacled starspawn
 16274 | Abyss:2  | Noticed an angel
 16357 | Abyss:2  | Noticed a great orb of eyes
 16473 | Abyss:2  | Reached skill level 1 in Invocations
 16693 | Abyss:2  | Noticed a starcursed mass
 16731 | Abyss:2  | Noticed a tentacled starspawn
 16797 | Abyss:2  | HP: 6/139 [ice devil (8)]
 16797 | Abyss:2  | HP: 2/139 [ice devil (4)]
 16797 | Abyss:2  | Slain by a small abomination

Vault maps used:
D:1:      dpeg_arrival_signposts
D:2:      minmay_shallow_snake_nest
D:3:      nemelex_altar_shiori, portal_sewer_entry_d,
          chequers_ecumenical_altar_simple
D:4:      lemuel_crystal_altar, okawaru_gym_becter, minmay_temple_entry_hall
D:5:      kennysheep_mini, cheibriados_altar_1, first_ration, basic_altar,
          tgw_fedhas, uniq_pikel
D:6:      uniq_sigmund
D:7:      uniq_menkaure
D:8:      basic_altar, uniq_maurice
D:9:      lemuel_castle_with_subvaults
D:10:     enter_bailey_2, david_nohive_1, david_defended_altar_orc, uniq_joseph
D:11:     minmay_lair_entry_grove, orc_0_dummy, uniq_psyche
D:12:     lab_entry_generic
D:14:     david_vaults_1, hangedman_glass_teeth, uniq_josephine
Temple:   compressed_dpeg_circular_temple
Lab:      nicolae_lab_grate_2, labyrinth_skeletal_remains
Sewer:    sewer_co_purgy_island
Bailey:   bailey_polearm_2, bailey

Skill      XL: |  1  2  3  4  5  6  7  8  9 10 11 12 13 |
---------------+----------------------------------------+-----
Armour         | 4 5 7 8 9 10 12 14 16 | 16.6
Maces & Flails | 3 4 6 7 9 11 12 13 14 | 14.1
Fighting       | 4 5 6 7 8 11 14 15 | 15.8
Invocations    | 1 |  1.0
Shields        | |  3.5
Evocations     | |  0.3

Action                   |  1- 3 |  4- 6 |  7- 9 | 10-12 | 13-15 || total
-------------------------+-------+-------+-------+-------+-------++-------
Melee: Flail             |   130 |   278 |    42 |       |       ||   450
       Whip              |       |       |   271 |   937 |   258 ||  1466
       Kick              |       |       |       |    46 |   113 ||   159
       Unarmed           |       |       |       |       |     1 ||     1
Invok: Heroism           |       |       |       |     2 |     2 ||     4
       Finesse           |       |       |       |       |     2 ||     2
 Abil: Evoke Blink       |       |       |       |       |     4 ||     4
  Use: Scroll            |       |     6 |     6 |    13 |     4 ||    29
       Potion            |       |     1 |     1 |     5 |    13 ||    20
  Eat: Chunk             |     2 |     8 |    13 |    29 |     4 ||    56
       Ration            |       |       |       |     2 |       ||     2
Armor: Scale mail        |    85 |   174 |    22 |       |       ||   281
       Ring mail         |       |       |    98 |   350 |       ||   448
       Crystal plate arm |       |       |       |    47 |   214 ||   261
Dodge: Dodged            |    47 |    99 |    46 |   254 |    72 ||   518
       Deflected         |       |       |       |       |     5 ||     5
Block: Shield            |    82 |   162 |   118 |   397 |   133 ||   892

Table legend:
 A = Spawn XP
 B = Non-spawn XP
 C = Spawn XP percentage of total XP
 D = Spawn monster count
 E = Non-spawn monster count
 F = Spawn count percentage of total count
 G = Total turns spent on level
                    A         B        C        D         E        F      G
               +---------+---------+-------+---------+---------+-------+---------
         Total |    5371 |   42671 |  11.2 |      13 |     402 |   3.1 | 16797
               +---------+---------+-------+---------+---------+-------+---------
           D:1 |       0 |      37 |   0.0 |       0 |      23 |   0.0 |  1302
           D:2 |       0 |     101 |   0.0 |       0 |      27 |   0.0 |   894
           D:3 |       0 |      96 |   0.0 |       0 |      24 |   0.0 |   884
           D:4 |       0 |     982 |   0.0 |       0 |      24 |   0.0 |  1140
           D:5 |       0 |      85 |   0.0 |       0 |       6 |   0.0 |   782
           D:6 |       0 |     699 |   0.0 |       0 |      19 |   0.0 |   718
           D:7 |       0 |    1055 |   0.0 |       0 |      16 |   0.0 |  1101
           D:8 |       0 |    1624 |   0.0 |       0 |      17 |   0.0 |  1092
           D:9 |       0 |    5789 |   0.0 |       0 |      60 |   0.0 |  1739
          D:10 |       0 |    5992 |   0.0 |       0 |      47 |   0.0 |  1409
          D:11 |       0 |    5023 |   0.0 |       0 |      36 |   0.0 |   827
          D:12 |       0 |    3861 |   0.0 |       0 |      12 |   0.0 |   927
          D:13 |       0 |    8385 |   0.0 |       0 |      39 |   0.0 |   809
          D:14 |       0 |    3879 |   0.0 |       0 |      16 |   0.0 |   155
       Abyss:2 |    5371 |    1281 |  80.7 |      13 |       3 |  81.2 |   723
           Lab |       0 |    1277 |   0.0 |       0 |       1 |   0.0 |   761
         Sewer |       0 |     155 |   0.0 |       0 |       6 |   0.0 |   463
        Bailey |       0 |    2350 |   0.0 |       0 |      26 |   0.0 |   934
               +---------+---------+-------+---------+---------+-------+---------
